 Dungeon Crawl Stone Soup version 0.21-a0-143-g1ab7d47 (webtiles) character file.

30 Starchild the Skirmisher (level 3, 0/31 HPs)
             Began as a Gnoll Wanderer on July 25, 2017.
             Slain by a rat (2 damage)
             ... on level 2 of the Dungeon.
             The game lasted 00:03:48 (1518 turns).

Starchild the Skirmisher (Gnoll Wanderer)           Turns: 1518, Time: 00:03:49

Health: 0/31       AC:  2    Str:  7    XL:     3   Next: 18%
Magic:  3/3        EV: 12    Int:  7    God:
Gold:   46         SH:  0    Dex:  7    Spells: 1/2 levels left

rFire    . . .     SeeInvis .   b - +0 spear
rCold    . . .     Gourm    .   (no shield)
rNeg     . . .     Faith    .   d - +0 robe
rPois    .         Spirit   .   (no helmet)
rElec    .         Reflect  .   (no cloak)
rCorr    .         Harm     .   (no gloves)
MR       .....                  (no boots)
Stlth    +.........             (no amulet)
HPRegen  0.10/turn              (no ring)
MPRegen  0.08/turn              (no ring)

@: very slightly contaminated, invisible
A: unchanging attributes, fangs 1, strong nose
a: no special abilities


You were on level 2 of the Dungeon.
You were near starving.

You visited 1 branch of the dungeon, and saw 2 of its levels.

You collected 46 gold pieces.

Inventory:

Hand Weapons
 b - a +0 spear (weapon)
Missiles
 g - 11 stones (quivered)
Armour
 d - a +0 robe (worn)
Scrolls
 e - a scroll of teleportation {unknown}
 i - 4 scrolls of immolation {unknown}
 k - 2 scrolls of remove curse {unknown}
 l - a scroll of enchant weapon {unknown}
Books
 a - a book of Maledictions

   Spells                             Type                      Level
   a - Corona                         Hexes                        1
   b - Ensorcelled Hibernation        Hexes/Ice                    2
   c - Confuse                        Hexes                        3
   d - Tukima's Dance                 Hexes                        3
   e - Dazzling Spray                 Conjuration/Hexes            3
 c - the Tome of Envenoming

   Spells                             Type                      Level
   a - Sting                          Conjuration/Poison           1
   b - Ignite Poison                  Fire/Transmutation/Poison    3
Comestibles
 f - 2 bread rations
 h - a meat ration


   Skills:
 - Level 4.4 Fighting
 - Level 2.6 Dodging
 - Level 1.2 Stealth
   Level 2.6 Shields
 + Level 3.1 Hexes
   Level 1.3 Poison Magic


You had one spell level left.
You knew the following spells:

 Your Spells              Type           Power        Failure   Level  Hunger
a - Corona                Hex            #......      13%         1    ##.....


Dungeon Overview and Level Annotations

Branches:
Dungeon (2/15)

Altars:


Innate Abilities, Weirdness & Mutations

Your physical attributes are unchanging.
You have very sharp teeth.
Your uncanny sense of smell can sniff out nearby items.


Message History

* * * LOW HITPOINT WARNING * * *
The quokka bites you.
* * * LOW HITPOINT WARNING * * *
You miss the quokka.
The quokka is severely wounded.
The quokka barely misses you. The rat barely misses you.
You closely miss the quokka.
The quokka is severely wounded.
The quokka twitches its whiskers.
The quokka bites you.
* * * LOW HITPOINT WARNING * * *
The rat barely misses you.
It was a potion of invisibility.
You fade into invisibility!
The quokka closely misses you. The rat misses you.
The quokka closely misses you.
You are very lightly contaminated with residual magic.
There is a stone staircase leading up here.
The rat bites you.
You die...

##..........#
....)....<.##
#..........#
#.....)....#
#..........#
#...)......#
#..........#
##.>..rr..##
##...@..##
########


You could see a quokka and a rat.

Vanquished Creatures
  2 oozes (D:1)
  A leopard gecko (D:1)
  A ball python (D:1)
  5 bats (D:1)
  3 goblins
  2 hobgoblins (D:1)
  A frilled lizard (D:1)
  A kobold (D:1)
  4 rats (D:1)
20 creatures vanquished.

Notes
Turn   | Place    | Note
-------+----------+-------------------------------------------
     0 | D:1      | Starchild the Gnoll Wanderer began the quest for the Orb.
     0 | D:1      | Starchild set off with: a book of Maledictions, a +0 spear, the Tome of Envenoming, a +0 robe, a bread ration
     0 | D:1      | Reached XP level 1. HP: 17/17 MP: 1/1
     0 | D:1      | Identified the Tome of Envenoming
    36 | D:1      | Reached skill level 3 in Fighting
   261 | D:1      | Reached XP level 2. HP: 24/25 MP: 2/2
   453 | D:1      | Reached skill level 4 in Fighting
  1014 | D:1      | Learned a level 1 spell: Corona
  1114 | D:1      | Reached XP level 3. HP: 31/31 MP: 3/3
  1518 | D:2      | Slain by a rat

Vault maps used:
D:1:      minmay_arrival_radiant_lines
D:2:      old_standard_altar, grunt_qazlal_sundering, kennysheep_slug_shrine

Skill      XL: |  1  2  3 |
---------------+----------+-----
Fighting       | 3 4 |  4.4
Hexes          | 3 |  3.1
Dodging        | |  2.6
Stealth        | |  1.2
Shields        | |  2.6
Poison Magic   | |  1.3

Action                   || total
-------------------------++-------
Melee: Spear             ||   133
       Bite              ||     4
  Use: Potion            ||     1
 Stab: Sleeping          ||     1
Armor: Robe              ||    21
Dodge: Dodged            ||   105
